[Event "*** Titled Tuesday Blitz"]
[Site "Chess.com"]
[Date "2020.03.03"]
[Round "5"]
[White "Boundless_Strike"]
[Black "Alexander_Zubov"]
[Result "0-1"]
[WhiteElo "2685"]
[BlackElo "2911"]
[TimeControl "180+1"]
[EndTime "9:52:19 PST"]
[Termination "Alexander_Zubov won on time"]

1. d4 Nf6 2. Nf3 e6 3. e3 d5 4. Bd3 c5 5. b3 cxd4 6. exd4 Bd6 7. O-O O-O 8. Bb2 b6 9. Nbd2 Ba6 10. c4 Nc6 11.
Ne5 Ne7 12. Qe2 Rc8 13. f4 Bb7 14. Ndf3 Ng6 15. Ng5 Qe7 16. Rae1 Bb4 17. Rd1 a6 18. Qe3 dxc4 19. bxc4 b5 20. c5 Bd5 21. Qh3 Ba5 22. Ng4 h6 23. Nxh6+ gxh6 24. Qxh6 Rfe8 25.
f5 exf5 26. Bxf5 Qe2 27. Bh3 Bd2 28. Bc1 Bxc1 29. Rxc1 Qe3+ 30. Kh1 Rc6 31. Rcd1 Bc4 32. Rg1 Be2 33. Rde1 Qxd4 34. Nf3 Qe3 0-1

[Event "*** Titled Tuesday Blitz"]
[Site "Chess.com"]
[Date "2020.03.03"]
[Round "5"]
[White "Alopekos"]
[Black "AniJak"]
[Result "0-1"]
[WhiteElo "2455"]
[BlackElo "2174"]
[TimeControl "180+1"]
[EndTime "9:52:19 PST"]
[Termination "AniJak won by checkmate"]

1. d4 d5 2. Nf3 Nf6 3. e3 c6 4. Bd3 Bg4 5. O-O e6 6. h3 Bh5 7. b3 Bd6 8. Bb2 Nbd7 9. Nbd2 Qe7 10. e4 dxe4 11. Nxe4 Nxe4 12. Bxe4 Bg6 13. Re1 O-O 14. Bxg6 hxg6 15. c4 Rfd8 16. Qe2 Bb4 17. Red1 c5 18. d5 Nf8 19. Qe5 f6 20. d6 Qf7 21.
Qe4 Rac8 22. Rd3 Rc6 23. Rad1 Ra6 24. a3 Bxa3 25. Bxa3 Rxa3 26. d7 Rxd7 27. Rxd7 Nxd7 28.
Qxb7 Nf8 29. Qb8 Ra6 30. Rd8 Rb6 31. Qc8 Rxb3 32. Qxc5 Rb1+ 33. Kh2 Rb7 34. Qc6 Qc7+ 35. Qxc7 Rxc7 36. Rd4 Kf7 37. Nd2 e5 38. Rd6 Ne6 39.
Ra6 Nd4 40. c5 Ne6 41. Ne4 f5 42. Nd6+ Ke7 43. Kg3 Nxc5 44. Nxf5+ gxf5 45. Rg6 Kf7 46. Ra6 Nxa6 47. Kh4 Nc5 48. f4 e4 49. g4 e3 50. Kg5 e2 51. h4 e1=Q 52. gxf5 Qg3+ 53. Kh5 Qf3+ 54. Kg5 Ne4# 0-1

[Event "*** Titled Tuesday Blitz"]
[Site "Chess.com"]
[Date "2020.03.03"]
[Round "5"]
[White "obliviate12"]
[Black "Jospem"]
[Result "0-1"]
[WhiteElo "2857"]
[BlackElo "2933"]
[TimeControl "180+1"]
[EndTime "9:52:23 PST"]
[Termination "Jospem won on time"]

1. e4 c5 2. Nf3 d6 3. d4 cxd4 4. Nxd4 Nf6 5. f3 e6 6. c4 Be7 7. Nc3 O-O 8. Be3 Nc6 9. Qd2 d5 10. exd5 exd5 11. O-O-O Na5 12. cxd5 Nxd5 13. Ndb5 Nxe3 14.
Qxe3 Bg5 15. f4 Qe7 16. Qd2 Rd8 17. Qxd8+ Qxd8 18. Rxd8+ Bxd8 19. Bd3 Bd7 20. Rd1 a6 21. Nd6 Bc7 22. Be4 Rd8 23. b4 Bg4 24. bxa5 Bxd6 25. Rf1 Bb4 26. Nd5 Bxa5 27. f5 Be2 28. Rf2 Bc4 29. Ne3 Bb6 30. Rf3 Be2 31. Rg3 Re8 32. Kd2 Rxe4 33. Kxe2 Kf8 34. Kd3 Rxe3+ 35. Rxe3 Bxe3 36. Kxe3 Ke7 37. Kd4 Kd6 38. g4 h6 39.
h4 f6 40. a4 b6 41. Kc4 Ke5 0-1

[Event "*** Titled Tuesday Blitz"]
[Site "Chess.com"]
[Date "2020.03.03"]
[Round "5"]
[White "GukeshDommaraju"]
[Black "ArlanCabe"]
[Result "1-0"]
[WhiteElo "2644"]
[BlackElo "2367"]
[TimeControl "180+1"]
[EndTime "9:52:24 PST"]
[Termination "GukeshDommaraju won on time"]

1. e4 c5 2. Nf3 d6 3. d4 cxd4 4. Nxd4 Nf6 5. Nc3 a6 6. Be3 e5 7. Nb3 Be6 8. Be2 Nbd7 9. O-O Rc8 10. a4 Be7 11. Qd2 O-O 12. Rfd1 Re8 13. Bf3 Nb6 14. Na5 Nc4 15. Nxc4 Rxc4 16. a5 Qc7 17.
Bb6 Qc8 18. Rdc1 h6 19. Qd3 Nd7 20. Be3 Nc5 21. Qe2 Nd7 22. Nd1 Nf6 23. b3 Rc6 24. c4 Nd7 25. Nc3 Nc5 26. Qd1 Bg5 27. Bxg5 hxg5 28. h3 Bd7 29. Ra2 Ne6 30. Ne2 Qc7 31. Bg4 Nc5 32. Ng3 Bxg4 33. hxg4 g6 34. f3 Kg7 35. Nf1 b6 36. b4 Ne6 37. Ne3 bxa5 38.
Rxa5 Qb6 39. Qd2 Rb8 40. Ra4 Nf4 41. g3 Ne6 42. Kg2 Nd4 43. Nd5 Qd8 44. Ra3 Rbc8 45. Rac3 Qd7 46. Qxg5 1-0

[Event "*** Titled Tuesday Blitz"]
[Site "Chess.com"]
[Date "2020.03.03"]
[Round "5"]
[White "NguyenHlb"]
[Black "Gogolev_Artemy"]
[Result "1-0"]
[WhiteElo "2297"]
[BlackElo "2481"]
[TimeControl "180+1"]
[EndTime "9:52:25 PST"]
[Termination "NguyenHlb won on time"]

1. d4 Nf6 2. c4 e6 3. Nc3 Bb4 4.
e3 O-O 5. Ne2 c6 6. a3 Ba5 7. b4 Bc7 8. d5 cxd5 9. cxd5 Be5 10.
f4 Bxc3+ 11. Nxc3 Nxd5 12. Nxd5 exd5 13. Qxd5 Qf6 14. Rb1 d6 15. Bd3 Be6 16. Qe4 g6 17. Bb2 Qh4+ 18. g3 Qh3 19. Qxb7 Nd7 20. Rc1 Nb6 21.
Be4 Rab8 22. Qe7 Nd7 23. Kf2 Rfe8 24. Qxd6 Bf5 25. Bg2 Qh6 26. Qd4 f6 27. e4 Be6 28. Rc6 Rb6 29. Rc7 Qg7 30. Rd1 Re7 31.
Rc8+ Nf8 32. Rd8 Bb3 33. Rd3 Bc2 34. Rd2 Ba4 35. Qc4+ Kh8 36. e5 fxe5 37. Bxe5 Rxe5 38. fxe5 Re6 39. Qxe6 h5 40. Qd6 Kg8 41. Bd5+ Kh7 42. Rxf8 Qh6 43. Rf7+ Kg8 44. Qd8+ 1-0

[Event "*** Titled Tuesday Blitz"]
[Site "Chess.com"]
[Date "2020.03.03"]
[Round "5"]
[White "kleinebeer98"]
[Black "Mikedannnn"]
[Result "1-0"]
[WhiteElo "2715"]
[BlackElo "2533"]
[TimeControl "180+1"]
[EndTime "9:52:27 PST"]
[Termination "kleinebeer98 won on time"]

1. e4 c5 2. b4 cxb4 3. a3 bxa3 4. d4 d6 5. Nf3 g6 6. h4 h5 7. Ng5 Bg7 8. Qf3 Nh6 9. c3 Nc6 10. Bc4 O-O 11. Nxa3 Bg4 12. Qg3 Rc8 13. f3 Bd7 14. Ba2 Qa5 15. Nb1 d5 16. O-O Nxd4 17. cxd4 Bxd4+ 18. Kh1 Bxa1 19. Bxd5 e6 20. Nxe6 Rxc1 21. Rxc1 Bxe6 22. Bxe6 fxe6 23. Qxg6+ Bg7 24. Qxe6+ Kh8 25. Nc3 Qe5 26. Qg6 Qf4 27. Qg5 Be5 28. Qxf4 Bxf4 29. Rb1 b6 30. Nd5 Be5 31. Rc1 Ng8 32. Rc6 Nf6 33.
Ne7 Kg7 34. g3 Kf7 35. Nf5 Rd8 36. f4 Bd4 37. e5 Ng4 38. Kg2 Bc5 39. Kf3 Rd1 40.
Ke2 Rd7 41. e6+ Ke8 42. exd7+ Kxd7 43. Rg6 a5 44. Kd3 Nf2+ 45. Kc4 Ne4 46. g4 hxg4 47.
Rxg4 Ke6 48. Ng7+ Kf7 49. h5 Nd6+ 50. Kd5 a4 51. h6 1-0

[Event "*** Titled Tuesday Blitz"]
[Site "Chess.com"]
[Date "2020.03.03"]
[Round "5"]
[White "Rish_97"]
[Black "GulamaliRises"]
[Result "1-0"]
[WhiteElo "2755"]
[BlackElo "2532"]
[TimeControl "180+1"]
[EndTime "9:52:28 PST"]
[Termination "Rish_97 won by resignation"]

1. Nf3 d5 2. g3 g6 3. Bg2 Bg7 4. d4 Nf6 5. O-O O-O 6. c4 dxc4 7. Na3 Nc6 8. Nxc4 Be6 9. b3 a5 10. Bb2 a4 11. Ng5 Bd5 12. e4 Bxc4 13. bxc4 h6 14. Nh3 a3 15. Bc3 e5 16. dxe5 Nd7 17. f4 Qe8 18. Nf2 Qe7 19. Qe2 Qc5 20. Rad1 Nb6 21. Kh1 Rfd8 22. Ng4 Qxc4 23. Qxc4 Nxc4 24. Nf6+ Bxf6 25.
exf6 Ne3 26. Rxd8+ Rxd8 27. Re1 Nc2 28. Rc1 N2b4 29.
Bxb4 Nxb4 30. Bf1 c6 31. Rc3 Rd1 32. Kg1 Re1 33. Rxa3 Rxe4 34. Ra8+ Kh7 35. Rf8 Re6 36. Rxf7+ Kg8 37. Rxb7 Nd5 38. f7+ Kf8 39. Bc4 Re1+ 40.
Kf2 Rc1 41. Bb3 Rc3 42. Ke2 g5 43. fxg5 hxg5 44. Kd2 Rf3 45. a4 Rf2+ 46. Kd3 Rxh2 47. a5 Rh1 48. a6 Ra1 49. a7 Kg7 50. f8=Q+ Kxf8 51. Rb8+ Ke7 52. a8=Q Rxa8 53. Rxa8 1-0

[Event "*** Titled Tuesday Blitz"]
[Site "Chess.com"]
[Date "2020.03.03"]
[Round "5"]
[White "Sibelephant"]
[Black "Leonid_Starozhilov"]
[Result "1-0"]
[WhiteElo "3050"]
[BlackElo "2716"]
[TimeControl "180+1"]
[EndTime "9:52:29 PST"]
[Termination "Sibelephant won by resignation"]

1. d4 Nf6 2. c4 g6 3. Nf3 Bg7 4. g3 O-O 5. Bg2 d6 6. O-O c6 7. Nc3 Bf5 8. Ne1 d5 9. cxd5 cxd5 10. b3 Nc6 11. Bb2 Rc8 12. Rc1 Ne4 13. e3 Nxc3 14. Bxc3 Qd7 15. Nd3 Bxd3 16. Qxd3 e6 17. b4 Rc7 18. Bd2 Rfc8 19. Rc2 Ne7 20. Rfc1 Rxc2 21. Rxc2 Nf5 22. Bf1 Rxc2 23. Qxc2 Nd6 24. a4 Bf8 25. b5 Qc8 26. Qb1 Nc4 27. Qc1 Nd6 28. Qd1 Nc4 29. Be1 b6 30. Qc2 f5 31. Bd3 Bd6 32. a5 Qc7 33. axb6 axb6 34. Qa4 Kg7 35. Be2 h5 36.
Kg2 Kf7 37. Qa8 Kg7 38. Qe8 Qe7 39. Qc8 Qc7 40. Qxe6 Qb7 41. e4 fxe4 42. Bxc4 dxc4 43. Qxd6 1-0

[Event "*** Titled Tuesday Blitz"]
[Site "Chess.com"]
[Date "2020.03.03"]
[Round "5"]
[White "Tjktiger"]
[Black "Bykov_Egor"]
[Result "1-0"]
[WhiteElo "2788"]
[BlackElo "2584"]
[TimeControl "180+1"]
[EndTime "9:52:30 PST"]
[Termination "Tjktiger won by checkmate"]

1. d4 Nf6 2. c4 e6 3. g3 d5 4. Bg2 Bb4+ 5. Nd2 O-O 6. Nf3 dxc4 7. Qc2 b5 8. a4 c6 9. O-O a5 10. b3 cxb3 11. Nxb3 bxa4 12. Rxa4 Ba6 13. Rd1 Bb5 14. Ra1 Nbd7 15. Ne5 Nxe5 16. dxe5 Nd7 17. Nd4 Rc8 18. Be4 g6 19. Bh6 Re8 20. Rac1 Ba3 21. Rb1 Bc5 22.
Be3 Qe7 23. Nxb5 cxb5 24. Rxd7 Qxd7 25. Bxc5 b4 26. Rc1 Qc7 27. Qb2 Red8 28. Be3 Qb8 29. Ra1 Qb5 30. Bd3 Qd5 31. Bg5 Rd7 32. Qd2 Qxe5 33.
Re1 b3 34. Bf4 Qd4 35. Qxa5 b2 36. Be5 Qd5 37. Qxd5 Rxd5 38. Bxb2 Rb8 39. Bf6 Rd6 40. g4 Rc6 41. g5 h6 42. h4 hxg5 43. hxg5 Rc5 44.
Kg2 Rb4 45. Rh1 Rg4+ 46. Kf3 Rgxg5 47. Rh8# 1-0

[Event "*** Titled Tuesday Blitz"]
[Site "Chess.com"]
[Date "2020.03.03"]
[Round "5"]
[White "GMKrikor"]
[Black "Ali_rastbod"]
[Result "0-1"]
[WhiteElo "2830"]
[BlackElo "2655"]
[TimeControl "180+1"]
[EndTime "9:52:32 PST"]
[Termination "Ali_rastbod won by resignation"]

1. Nf3 d5 2. c4 d4 3. b4 f6 4.
e3 e5 5. c5 a5 6. Qa4+ c6 7. Bc4 Na6 8. Qb3 Nh6 9. O-O axb4 10. exd4 exd4 11. Re1+ Be7 12. d3 Nxc5 13. Qxb4 Qa5 14.
Qb2 Nf5 15. Bd2 Qd8 16. Bb4 b6 17. Nbd2 Kf8 18. Nb3 Na4 19. Bxe7+ Nxe7 20. Qxd4 Qxd4 21. Nbxd4 b5 22. Be6 Bxe6 23. Nxe6+ Kf7 24. Nxg7 Rhd8 25. Nh5 Rxd3 26. Nf4 Rd6 27. Rac1 c5 28. Re3 b4 29.
Rce1 Nc6 30. g4 Rg8 31. h3 Nb2 32. Kh2 Nc4 33. R3e2 N4e5 34. Nxe5+ Nxe5 35. Kg2 c4 36. Rc1 c3 37. Re4 Rb8 38. Rc2 Rd2 39. Rxd2 cxd2 40. Rd4 Nc4 41. Ne2 Ra8 42. Kf3 Rxa2 43. Nf4 Ra1 44.
Rd7+ Ke8 45. Rd3 d1=Q+ 46. Rxd1 Rxd1 0-1

[Event "*** Titled Tuesday Blitz"]
[Site "Chess.com"]
[Date "2020.03.03"]
[Round "5"]
[White "AleksanderHnydiuk"]
[Black "northridgehawk"]
[Result "1-0"]
[WhiteElo "2562"]
[BlackElo "2204"]
[TimeControl "180+1"]
[EndTime "9:52:32 PST"]
[Termination "AleksanderHnydiuk won by resignation"]

1. d4 Nf6 2. Nf3 g6 3. c4 d5 4. cxd5 Nxd5 5. e4 Nb6 6. h3 Bg7 7. Nc3 O-O 8. Be3 c5 9. d5 N6d7 10. Qd2 a6 11. h4 b5 12. h5 Nf6 13. hxg6 fxg6 14. Bh6 b4 15. Bxg7 Kxg7 16. Qh6+ Kg8 17. Nd1 Rf7 18. Ng5 Rg7 19. Bc4 Qd6 20. Ne3 a5 21.
O-O-O a4 22. Qh2 a3 23. e5 axb2+ 24. Kb1 Qd8 25. d6+ e6 26. Nxe6 Bxe6 27. Bxe6+ Kf8 28. Qh4 g5 29. Qh6 Ng8 30. Bxg8 Kxg8 31. Nf5 Rga7 32.
e6 Qf8 33. Qxf8+ Kxf8 34. d7 Nc6 35. e7+ Nxe7 36. d8=Q+ Rxd8 37. Rxd8+ Kf7 38. Rxh7+ Kf6 39. Rf8+ Kg6 40. Rxe7 Ra3 41. Re6+ Kh5 42. f3 g4 43. f4 g3 44. Rg8 1-0

[Event "*** Titled Tuesday Blitz"]
[Site "Chess.com"]
[Date "2020.03.03"]
[Round "5"]
[White "platy3"]
[Black "Lubov_Gordyk"]
[Result "1-0"]
[WhiteElo "2872"]
[BlackElo "2638"]
[TimeControl "180+1"]
[EndTime "9:52:33 PST"]
[Termination "platy3 won by resignation"]

1. e4 e5 2. Nf3 d6 3. d4 exd4 4. Nxd4 Nf6 5. Nc3 Be7 6. Be2 O-O 7. Bf4 Nc6 8. Qd2 Nxd4 9. Qxd4 a6 10. O-O-O b5 11. Qe3 b4 12. Nd5 Nxd5 13. exd5 Bf6 14. g4 Re8 15. Qd2 a5 16. g5 Be5 17. Be3 g6 18. h4 Bf5 19. Bd3 Qd7 20.
h5 a4 21. hxg6 fxg6 22. Bxf5 Qxf5 23. Qd3 Qxd3 24. Rxd3 Ra5 25. Rh4 Rb5 26. Rc4 Rb7 27.
Bd2 a3 28. b3 Bb2+ 29. Kd1 Re5 30. f4 Rf5 31. Bxb4 Rb5 32. Bd2 Rbxd5 33. Rxd5 Rxd5 34. Rxc7 Rd4 35. Ke2 d5 36. Rd7 Re4+ 37. Kf3 Rd4 38. Ke2 Re4+ 39. Kd1 Rd4 40. Rc7 Re4 41.
b4 d4 42. b5 Re6 43. Rc6 Re8 44.
b6 Rb8 45. Ba5 Kf7 46. Kd2 Ke7 47. Kd3 Kd7 48. Rc7+ Kd6 49. Rxh7 Kc6 50. b7 Re8 51. Rc7+ Kb5 52. Rc8 Re3+ 53. Kd2 Kxa5 54. b8=Q Bc3+ 55.
Rxc3 Rxc3 56. Qa7+ 1-0

[Event "*** Titled Tuesday Blitz"]
[Site "Chess.com"]
[Date "2020.03.03"]
[Round "5"]
[White "monstertube"]
[Black "FearNoEvil12"]
[Result "0-1"]
[WhiteElo "2111"]
[BlackElo "1966"]
[TimeControl "180+1"]
[EndTime "9:52:35 PST"]
[Termination "FearNoEvil12 won on time"]

1. d4 b5 2. e3 a6 3. Nf3 Bb7 4. a3 Nf6 5. c4 bxc4 6. Bxc4 e6 7. b4 d6 8. Bb2 Nbd7 9. O-O Rg8 10. Nc3 g5 11. Nd2 g4 12. e4 h5 13. Qe2 Nh7 14.
Rad1 Ng5 15. Qe3 Qf6 16. f4 gxf3 17. Nxf3 Nh3+ 18. Kh1 Bh6 19. Qe1 Nf4 20. g3 Nh3 21. Bc1 Bxc1 22. Rxc1 Qg7 23. Rd1 Nf6 24. Bd3 Ng4 25.
Rd2 O-O-O 26. Qe2 Kd7 27. Bxa6 Ba8 28. Bb5+ Ke7 29. Nd1 Ng5 30. Nxg5 Qxg5 31. Nf2 Nxf2+ 32. Qxf2 Bxe4+ 33. Kg1 f5 34. Bd3 Bd5 35. Qf4 Qxf4 36. Rxf4 Ra8 37. Re2 Kf6 38. Rh4 Rg5 39. Rc2 Rxa3 40.
Bf1 c6 41. Kf2 Rg4 42. Rxh5 Rxd4 43. Bg2 Bxg2 44. Kxg2 Ke5 45. Rh8 Rxb4 46. h4 c5 47. h5 Rbb3 48. Rg8 Ra7 49. Re2+ Kd5 0-1

[Event "*** Titled Tuesday Blitz"]
[Site "Chess.com"]
[Date "2020.03.03"]
[Round "5"]
[White "Sankalp_Gupta2003"]
[Black "chris_rock_comic"]
[Result "1-0"]
[WhiteElo "2849"]
[BlackElo "2887"]
[TimeControl "180+1"]
[EndTime "9:52:36 PST"]
[Termination "Sankalp_Gupta2003 won on time"]

1. c4 e5 2. Nc3 Nf6 3. Nf3 Nc6 4. d4 exd4 5. Nxd4 Bb4 6. Bg5 h6 7. Bh4 O-O 8. e3 Re8 9. Be2 g5 10. Bg3 Ne4 11. Nb5 d6 12. O-O Bxc3 13. Nxc3 Nxc3 14.
bxc3 Bf5 15. f4 Qe7 16. fxg5 Qxe3+ 17. Kh1 Bg6 18. Bf3 hxg5 19. Bd5 Qxc3 20. Qg4 Nb4 21.
Bxb7 Rab8 22. Bf3 Qf6 23. Bd5 Qd8 24. Be1 Nxd5 25. cxd5 Re4 26. Qg3 Rb5 27. Bc3 Rxd5 28. Bf6 Qd7 29. Rab1 Rb5 30. a4 Rxb1 31. Rxb1 Re8 32.
Rf1 Qxa4 33. Qxg5 Qc4 34. Rg1 Kh7 35. Ba1 c5 36. Qf6 Rg8 37. h3 Qd5 38. Re1 a5 39. Kh2 a4 40. Re8 1-0

[Event "*** Titled Tuesday Blitz"]
[Site "Chess.com"]
[Date "2020.03.03"]
[Round "5"]
[White "Andrew-FB00"]
[Black "cottage_cheese"]
[Result "0-1"]
[WhiteElo "1868"]
[BlackElo "2320"]
[TimeControl "180+1"]
[EndTime "9:52:37 PST"]
[Termination "cottage_cheese won by resignation"]

1. e4 e6 2. d4 d5 3. exd5 exd5 4.
Bd3 c5 5. dxc5 Bxc5 6. Nf3 Nf6 7. Bg5 O-O 8. O-O h6 9. Bh4 Bg4 10. h3 Bh5 11. Nbd2 Nc6 12. c3 Ne5 13. Be2 Nxf3+ 14.
Nxf3 Qb6 15. Bxf6 Qxf6 16. Qxd5 Bxf3 17. Bxf3 Qb6 18. Qxb7 Qxb7 19. Bxb7 Rab8 20. Bd5 Rxb2 21. Rab1 Rfb8 22. Rxb2 Rxb2 23. Bb3 Kf8 24. Bd5 Ke7 25. Re1+ Kd6 26. Rd1 Rxf2 27. Kh1 f6 28. a4 Kc7 29. Be6 Bd6 30. Bf5 Ra2 31. Be4 Rxa4 32.
Bd5 Ra3 33. c4 a5 34. Rb1 Kc8 35. Bb7+ Kc7 36. Bd5 Be5 37. Rb7+ Kd6 38. Rb1 a4 39. Rb6+ Kc5 40. Rb5+ Kd4 41. Rb1 Rb3 42. Ra1 a3 43.
Bg8 Rb2 44. Bd5 a2 0-1

[Event "*** Titled Tuesday Blitz"]
[Site "Chess.com"]
[Date "2020.03.03"]
[Round "5"]
[White "MartinMatthiesen"]
[Black "Off-War"]
[Result "0-1"]
[WhiteElo "2526"]
[BlackElo "2729"]
[TimeControl "180+1"]
[EndTime "9:52:38 PST"]
[Termination "Off-War won on time"]

1. d4 Nf6 2. c4 g6 3. Nc3 Bg7 4. e4 O-O 5. Nf3 d6 6. Be2 c5 7. O-O Nc6 8. d5 Na5 9. Bg5 h6 10.
Bh4 e5 11. Nd2 b6 12. a3 Qd7 13. b4 Nb7 14. Rb1 Nh7 15. f3 f5 16. Qc2 Bf6 17.
Bf2 Qe7 18. Nb3 f4 19. bxc5 bxc5 20. Nd2 Bh4 21. Bxh4 Qxh4 22. Qa4 Qe7 23. Rb2 Nf6 24. Rfb1 g5 25. Qc6 Rf7 26. Nd1 h5 27. Nf2 g4 28.
fxg4 hxg4 29. Nxg4 Kg7 30. Nxf6 Kxf6 31. Bg4 Na5 32.
Qxa8 Bxg4 33. Rb8 f3 34. Re8 Qd7 35. Qd8+ Qxd8 36. Rxd8 fxg2 37. Kxg2 Nb7 38. Rxb7 Rxb7 39. Rxd6+ Kg5 40. Nf3+ Kf4 41. Rf6+ Kxe4 42. Ng5+ Kd4 43. h3 Be2 44. d6 Bxc4 45. Nf3+ Ke4 0-1

[Event "*** Titled Tuesday Blitz"]
[Site "Chess.com"]
[Date "2020.03.03"]
[Round "5"]
[White "boasovietica"]
[Black "afgano29"]
[Result "0-1"]
[WhiteElo "2515"]
[BlackElo "2711"]
[TimeControl "180+1"]
[EndTime "9:52:39 PST"]
[Termination "afgano29 won on time"]

1. Nf3 Nf6 2. b3 g6 3. Bb2 Bg7 4.
e4 d6 5. Bc4 O-O 6. e5 Nfd7 7.
Qe2 Nc6 8. d4 Nb6 9. Bd3 Bg4 10.
Nbd2 Nb4 11. Be4 d5 12. Bd3 c5 13. dxc5 Nd7 14. a3 Nxd3+ 15. cxd3 Nxc5 16. d4 Ne6 17. O-O Qb6 18. Qe3 Rac8 19. Rac1 Rc6 20. Rxc6 bxc6 21. h3 Bxf3 22. Nxf3 Rb8 23. b4 a5 24. Bc3 axb4 25. Bxb4 Bf8 26. Rc1 Nc7 27. Qc3 Na6 28. Qxc6 Nxb4 29. axb4 Qxc6 30. Rxc6 Rxb4 31. e6 fxe6 32. Rxe6 Rb1+ 33. Kh2 Kf7 34. Re5 Rb5 35. Ng5+ Kg8 36. Ne6 Rb2 37. Kg3 Rb3+ 38. f3 Rb5 39. Nc7 Rb4 40. Nxd5 Rxd4 41. Nxe7+ Kf7 42. Nc6 Bd6 0-1

[Event "*** Titled Tuesday Blitz"]
[Site "Chess.com"]
[Date "2020.03.03"]
[Round "5"]
[White "IsaiahMcIntosh"]
[Black "doons21"]
[Result "0-1"]
[WhiteElo "2371"]
[BlackElo "2593"]
[TimeControl "180+1"]
[EndTime "9:52:40 PST"]
[Termination "doons21 won on time"]

1. e4 e6 2. d4 d5 3. Nd2 Nc6 4. Ngf3 Nf6 5. e5 Nd7 6. Bb5 a6 7. Bxc6 bxc6 8. c4 Be7 9. O-O O-O 10. c5 a5 11. Re1 a4 12. Nf1 f5 13. exf6 Nxf6 14.
Ng3 Bd7 15. Ne5 Be8 16. Nd3 Bf7 17. Nf4 Qd7 18. Qe2 Rfe8 19. Nd3 Qc8 20. Ne5 Qa6 21. Qe3 Bf8 22. Qf4 Rad8 23. Nxf7 Kxf7 24. Qxc7+ Rd7 25. Qf4 Qd3 26. Qe3 Qc2 27. Qc3 Qg6 28. Bf4 h5 29. h3 h4 30. Nf1 Kg8 31. Nd2 Rf7 32. Be5 Nd7 33. Bh2 Be7 34. Nf3 Ref8 35. Re3 Bg5 36.
Nxg5 Qxg5 37. f3 Rf5 38. Rae1 R8f6 39. f4 Qg6 40. Qa5 Rxf4 41. Qd8+ Nf8 42. Bxf4 Rxf4 43.
Rxe6 Qd3 44. Re8 Qxd4+ 45. Kh1 Qxc5 46. Qb8 Qf2 47. Rg1 d4 48. Rd1 d3 49. Qd8 Re4 0-1

[Event "*** Titled Tuesday Blitz"]
[Site "Chess.com"]
[Date "2020.03.03"]
[Round "5"]
[White "freshfoodcompany"]
[Black "hongnhung1234"]
[Result "1-0"]
[WhiteElo "2256"]
[BlackElo "2239"]
[TimeControl "180+1"]
[EndTime "9:52:40 PST"]
[Termination "freshfoodcompany won by checkmate"]

1. d4 f5 2. Nf3 Nf6 3. g3 g6 4. Bg2 Bg7 5. O-O O-O 6. b3 d6 7.
Bb2 Qe8 8. Nbd2 Nbd7 9. c4 e5 10. dxe5 dxe5 11. Qc2 Kh8 12. e4 fxe4 13. Nxe4 Nxe4 14.
Qxe4 Nc5 15. Qd5 e4 16. Bxg7+ Kxg7 17. Ng5 Rf5 18. Qd4+ Qe5 19. Qxe5+ Rxe5 20. Nh3 Bxh3 21. Bxh3 Rae8 22. Rad1 R8e7 23. Rfe1 a5 24. Re3 Nd3 25. Bg2 Nc5 26. Rde1 a4 27. b4 Nd3 28. Rb1 b5 29.
cxb5 Rxb5 30. Bxe4 Ne5 31. Bd3 Rb7 32. Bf1 Kf6 33.
Rbe1 Nc6 34. Rxe7 Nxe7 35. b5 Rb6 36. Re4 Nd5 37. Rxa4 Nc3 38. Ra6 Ke5 39. Kg2 Kd4 40.
Rxb6 cxb6 41. a3 Kc5 42. f4 Nxb5 43. Bxb5 Kxb5 44. g4 Ka4 45. f5 Kxa3 46. f6 b5 47. f7 b4 48. f8=Q Kb3 49. Qg7 Ka3 50. Qxh7 b3 51. Qxg6 b2 52. Qb1 Kb3 53. g5 Ka3 54. g6 Kb3 55. g7 Ka3 56. g8=Q Kb4 57. Qxb2+ Ka4 58. Qgb3+ Ka5 59. Qb5# 1-0

[Event "*** Titled Tuesday Blitz"]
[Site "Chess.com"]
[Date "2020.03.03"]
[Round "5"]
[White "Fandorine"]
[Black "Vaathi_Coming"]
[Result "1-0"]
[WhiteElo "2912"]
[BlackElo "2846"]
[TimeControl "180+1"]
[EndTime "9:52:41 PST"]
[Termination "Fandorine won by checkmate"]

1. e4 c6 2. d4 d5 3. e5 c5 4.
dxc5 e6 5. a3 Nc6 6. Nf3 Bxc5 7.
Bd3 f6 8. Qe2 fxe5 9. Nxe5 Nf6 10. O-O O-O 11. Nxc6 bxc6 12. Nc3 e5 13. Qxe5 Ng4 14.
Qh5 g6 15. Bxg6 hxg6 16. Qxg6+ Kh8 17. h3 Qh4 18. Bg5 Ne5 19. Bxh4 Nxg6 20. Bg3 Bf5 21. Na4 Bd4 22. c3 Be5 23. Nc5 Nf4 24. Rfe1 Bd6 25. Nb7 Bb8 26. Re3 Nd3 27. Nd6 Bxd6 28. Bxd6 Rfe8 29.
b4 Rxe3 30. fxe3 Re8 31. g4 Bg6 32. Bf4 Re4 33. Rf1 Rc4 34. Bg5 Kh7 35. Bf6 c5 36.
bxc5 Nxc5 37. Kh2 Ne4 38. Bd4 a5 39. h4 Be8 40. Rf8 Ba4 41. h5 Kh6 42. Kh3 Bd1 43.
Kh4 Ng5 44. Rh8+ Nh7 45. g5# 1-0

[Event "*** Titled Tuesday Blitz"]
[Site "Chess.com"]
[Date "2020.03.03"]
[Round "5"]
[White "Micki-taryan"]
[Black "Gabix_94"]
[Result "1-0"]
[WhiteElo "3010"]
[BlackElo "2695"]
[TimeControl "180+1"]
[EndTime "9:52:43 PST"]
[Termination "Micki-taryan won by resignation"]

1. d4 Nf6 2. Nf3 c5 3. d5 e6 4. Nc3 exd5 5. Nxd5 Nxd5 6. Qxd5 Be7 7. Bf4 Nc6 8. e4 d6 9. Bc4 O-O 10. c3 Na5 11.
Be2 Be6 12. Qd2 d5 13. e5 Nc4 14. Qc2 Qd7 15. Bd3 h6 16. h4 Bg4 17. Ng5 Rfe8 18.
e6 Bxg5 19. hxg5 Qxe6+ 20. Kf1 hxg5 21. Bxg5 g6 22. Rh4 Nd6 23. Kg1 c4 24. Bf1 Ne4 25. Be3 Bf5 26. Qd1 g5 27. Rh2 f6 28. Qh5 Kg7 29. Qh6+ Kf7 30. Be2 Bg6 31. Bh5 Bxh5 32.
Qh7+ Kf8 33. Rxh5 Qf7 34. Rd1 Rad8 35. Bxa7 Rd7 36. Qxf7+ Kxf7 37. Rh7+ Ke6 38. Rxd7 Kxd7 39. Bd4 Kc7 40. f3 Ng3 41. Bxf6 Kc6 42. Bxg5 Re2 43. Rd2 Re8 44. Kf2 Nh1+ 45. Kg1 Ng3 46. Bf6 b5 47. a3 Ne2+ 48. Kf2 Nf4 49. g4 Nd3+ 50. Kg3 Re6 51. g5 Re1 52. Rg2 Kd6 53. g6 Ke6 54.
Bd4 Rh1 55. Re2+ Kf5 56. g7 Nf4 57. Re5+ Kf6 58. Kxf4 Rh4+ 59. Kg3 Rxd4 60. g8=Q Rf4 1-0

[Event "*** Titled Tuesday Blitz"]
[Site "Chess.com"]
[Date "2020.03.03"]
[Round "5"]
[White "pouya21"]
[Black "DishonorOnYourCow"]
[Result "1-0"]
[WhiteElo "2734"]
[BlackElo "2295"]
[TimeControl "180+1"]
[EndTime "9:52:48 PST"]
[Termination "pouya21 won on time"]

1. e4 e5 2. Nf3 Nc6 3. Bb5 Nf6 4. O-O Nxe4 5. d4 Nd6 6. Bxc6 dxc6 7. dxe5 Nf5 8. Qxd8+ Kxd8 9. Rd1+ Ke8 10. Nc3 Be7 11. h3 h5 12. Bg5 Be6 13. Rd2 Rd8 14. Rxd8+ Bxd8 15. Rd1 Bxg5 16. Nxg5 Ke7 17. g3 c5 18. Nd5+ Bxd5 19. Rxd5 b6 20. Kg2 Nd4 21. c3 Ne6 22. Ne4 h4 23. Rd1 hxg3 24. Kxg3 Rh6 25. f4 Rg6+ 26. Kf3 Rh6 27. Rh1 g6 28. h4 Ng7 29.
Kg4 Nh5 30. Kg5 Rh8 31. Rd1 Ng7 32. Nf6 Ne6+ 33. Kg4 Rd8 34. Rxd8 Kxd8 35. h5 gxh5+ 36. Nxh5 b5 37. f5 Nf8 38. Nf4 a5 39. f6 Kd7 40.
Kf5 b4 41. c4 a4 42. b3 axb3 43. axb3 c6 44. e6+ fxe6+ 45. Ke5 1-0

[Event "*** Titled Tuesday Blitz"]
[Site "Chess.com"]
[Date "2020.03.03"]
[Round "5"]
[White "Arystanner"]
[Black "csati17"]
[Result "1/2-1/2"]
[WhiteElo "2735"]
[BlackElo "2578"]
[TimeControl "180+1"]
[EndTime "9:52:49 PST"]
[Termination "Game drawn - insufficient material"]

1. e4 e6 2. d4 d5 3. Nd2 Nf6 4. e5 Nfd7 5. Bd3 c5 6. c3 Nc6 7.
Ndf3 cxd4 8. cxd4 f6 9. exf6 Nxf6 10. Nh3 Bd6 11. O-O O-O 12. Re1 Qc7 13. Nhg5 e5 14. dxe5 Nxe5 15. Rxe5 Bxe5 16. Bxh7+ Kh8 17. Nh4 Nxh7 18.
Ng6+ Kg8 19. Qxd5+ Rf7 20. Nxe5 Nxg5 21. Bxg5 Bf5 22.
Qxf7+ Qxf7 23. Nxf7 Kxf7 24. h3 Rc8 25. Rc1 Rxc1+ 26. Bxc1 Be6 27. a3 a6 28. g4 g6 29.
f4 Bc4 30. Kf2 Kg7 31. Bd2 Kf7 32. Bc3 Bd3 33. Kg3 Be2 34. Kh4 Bf1 35. Kg3 Ke6 36. h4 Be2 37. g5 Kf5 38. Kf2 Bb5 39. Ke3 Kg4 40. Be1 Bc6 41. b4 Bh1 42. Bf2 Bc6 43. Be1 Bh1 44. Bd2 Kxh4 45. Kd4 Kg4 46. Ke5 Bf3 47. f5 gxf5 48. g6 Bd1 49. g7 Bb3 50. Kf6 f4 51. Ke7 f3 52. Be1 Kf4 53. Kf8 Ke3 54.
g8=Q Bxg8 55. Kxg8 f2 56. Bxf2+ Kxf2 57. Kf7 Ke3 58. Ke6 Kd4 59. Kd6 Kc3 60. Kc7 Kb3 61.
Kxb7 Kxa3 62. Kxa6 Kxb4 1/2-1/2